[Event "*** Titled Tuesday Blitz"]
[Site "Chess.com"]
[Date "2020.05.19"]
[Round "5"]
[White "Paladin61"]
[Black "AnkitGajwa"]
[Result "1-0"]
[WhiteElo "2641"]
[BlackElo "2436"]
[TimeControl "180+1"]
[EndTime "12:58:26 PDT"]
[Termination "Paladin61 won by resignation"]

1. b3 e5 2. Bb2 Nc6 3. e3 Nf6 4. Bb5 Bd6 5. Na3 a6 6. Bxc6 dxc6 7. Nc4 Qe7 8. Ne2 O-O 9. O-O b5 10. Nxd6 cxd6 11. d3 c5 12. e4 Ne8 13. f4 f6 14. a4 b4 15. Ng3 Nc7 16. Rf2 Bd7 17.
Qh5 Qf7 18. Qh4 exf4 19. Qxf4 Qe7 20. Raf1 Rac8 21. Qh4 d5 22. e5 Ne8 23. exf6 Nxf6 24. Bxf6 Rxf6 25. Rxf6 gxf6 26. Nh5 Rf8 27. Nxf6+ Kh8 28.
Qg5 Bc6 29. h4 Qg7 30. Qxg7+ Kxg7 31. Nh5+ Kg8 32. Rxf8+ Kxf8 33. g4 Kf7 34. Kf2 Bd7 35. Kg3 c4 36. dxc4 dxc4 37. Nf4 c3 38. Kf3 a5 39. h5 h6 40. Nd3 Kf6 41. Kf4 Bc6 42. Nc5 Bd5 43. Ne4+ Ke7 44. Nc5 Kd6 45. Nd3 Be6 46.
g5 hxg5+ 47. Kxg5 Bd5 48. h6 Be4 49. Ne1 Ke6 50. Kf4 Bh7 51. Nf3 Bxc2 52. Nd4+ Kd5 53.
Nxc2 Ke6 54. h7 1-0

[Event "*** Titled Tuesday Blitz"]
[Site "Chess.com"]
[Date "2020.05.19"]
[Round "5"]
[White "Anton_Demchenko"]
[Black "GelmanAlexander"]
[Result "1-0"]
[WhiteElo "2834"]
[BlackElo "2582"]
[TimeControl "180+1"]
[EndTime "12:58:27 PDT"]
[Termination "Anton_Demchenko won on time"]

1. d4 Nf6 2. Nf3 c5 3. d5 e6 4. Nc3 b5 5. dxe6 fxe6 6. Nxb5 d5 7. e4 Nxe4 8. Bd3 a6 9. Nc3 Nf6 10. O-O Bd6 11. Na4 O-O 12. c4 Nc6 13. Re1 Bd7 14. Bg5 Nb4 15. Nc3 Qc7 16. h3 Rae8 17. Rc1 Nxd3 18.
Qxd3 d4 19. Bxf6 gxf6 20. Ne4 Bf4 21. b4 Bxc1 22. Rxc1 Bc6 23. Nxc5 e5 24. Nd2 Kh8 25. f3 f5 26. b5 Ba8 27. Nxa6 Qg7 28. c5 e4 29. Qf1 e3 30. Nc4 e2 31. Qf2 d3 32. c6 Qg5 33. f4 Qf6 34. Nc5 Bxc6 35. bxc6 Qxc6 36. Nxd3 Qd5 37. Nde5 Qd1+ 38. Qe1 Qd4+ 39.
Qf2 Qd1+ 40. Qe1 Qd4+ 41. Kh1 Qxf4 42. Nf3 Rg8 43. Qc3+ Rg7 44. Re1 Qg3 45. Rg1 e1=Q 46. Qxe1 Rxe1 47. Nxe1 Qf2 48. Nf3 Rg3 49. Nce5 f4 50. a4 Qa2 51. Nd3 Qxa4 52. Nde5 Qe4 53. Rd1 Qe2 54. Rg1 Qf2 55. Kh2 Qe3 56. Kh1 Qf2 57.
Nd3 Qe3 58. Nde5 Rg7 59. Nc4 Qc3 60. Nce5 Qe3 61. Ng4 Qf2 62. Nxf2 Rg4 63. Nxg4 1-0

[Event "*** Titled Tuesday Blitz"]
[Site "Chess.com"]
[Date "2020.05.19"]
[Round "5"]
[White "Semen_Khanin"]
[Black "Marcan2b"]
[Result "0-1"]
[WhiteElo "2645"]
[BlackElo "2457"]
[TimeControl "180+1"]
[EndTime "12:58:27 PDT"]
[Termination "Marcan2b won by resignation"]

1. e4 c5 2. Nf3 a6 3. c3 d5 4.
exd5 Qxd5 5. Na3 Nf6 6. Be2 e6 7. O-O Be7 8. Nc2 O-O 9. d4 cxd4 10. Ncxd4 Nc6 11. Be3 Bd7 12. c4 Qa5 13. a3 Rfd8 14.
b4 Qc7 15. Qb3 Ng4 16. h3 Nxe3 17. Qxe3 Bf6 18. Rad1 Nxd4 19. Nxd4 Ba4 20. Rd2 Rd7 21. Bd1 Bxd1 22. Rfxd1 Qxc4 23. Nb3 Rxd2 24. Rxd2 h6 25.
g3 Rc8 26. Nc5 Bg5 27. f4 Be7 28. Nxb7 Qc1+ 29. Kf2 Qh1 30. Qf3 Qxh3 31. Na5 h5 32. Nc6 Bf6 33. a4 Qh2+ 34. Ke3 Qg1+ 35. Ke2 Qb1 36. Kf2 Qa1 37. b5 Qxa4 38. b6 Qxc6 39.
b7 Qb6+ 40. Kg2 Rb8 41. Rd7 a5 42. Qxh5 g6 43. Qf3 a4 44. Qe4 a3 45. Qa4 Qxb7+ 46. Rxb7 Rxb7 47. Qxa3 Rb2+ 48. Kf3 Kg7 49. g4 Rc2 50. Qa4 Rc3+ 51. Ke2 g5 52. fxg5 Bxg5 53. Qe4 Bf6 54. Qf4 e5 55. Qf5 Rc5 56. g5 Be7 57. Kf3 Rc3+ 58. Kg4 Rc4+ 59. Kh5 Rc5 60. g6 e4 61.
Qxc5 Bxc5 62. gxf7 Kxf7 63. Kg4 e3 64. Kf3 Ke6 65. Ke2 0-1

[Event "*** Titled Tuesday Blitz"]
[Site "Chess.com"]
[Date "2020.05.19"]
[Round "5"]
[White "Feegus"]
[Black "Shushik"]
[Result "1-0"]
[WhiteElo "2456"]
[BlackElo "2105"]
[TimeControl "180+1"]
[EndTime "12:58:27 PDT"]
[Termination "Feegus won on time"]

1. Nf3 d5 2. g3 Nf6 3. Bg2 Bg4 4. c4 e6 5. Ne5 Bf5 6. O-O Nbd7 7. Nxd7 Qxd7 8. cxd5 exd5 9. d3 c6 10. Nc3 Bc5 11. e4 dxe4 12. dxe4 Bg6 13. h3 O-O 14.
e5 Qxd1 15. Rxd1 Ne8 16. Rd7 Rb8 17. Bf4 Bf5 18. Rd2 Nc7 19. e6 Nxe6 20. Bxb8 Rxb8 21. Rad1 h6 22. Kh2 Bg6 23. Rd7 Bxf2 24. Be4 Nc5 25. Rd8+ Rxd8 26. Rxd8+ Kh7 27. Bxg6+ Kxg6 28. b4 Ne6 29. Rd7 Be1 30. Ne4 Bxb4 31. Rxb7 a5 32. h4 f6 33. Ra7 c5 34. Ra6 Nd4 35. g4 Nf3+ 36. Kg3 Ne5 37. h5+ Kf7 38. Nd6+ Kf8 39.
Ra8+ Ke7 40. Nf5+ Kf7 41. Ra7+ Kf8 42. Nxg7 c4 43. Ne6+ Kg8 44. Rc7 c3 45. Nd4 Nd3 46.
Nb5 Nb2 47. Nxc3 Bd6+ 48. Kf3 Bxc7 49. Ne4 Kf7 50. Nc5 Nc4 51. Ke4 Nd6+ 52. Kd5 Ne8 53. Ne6 Bg3 54. Nd4 Nc7+ 55. Kc6 Ne6 56. Nf5 Nd8+ 57.
Kb5 Bf4 58. Kxa5 Nc6+ 59. Kb5 Ne5 60. a4 Nxg4 61. a5 Bb8 62. a6 Ne5 63. Kb6 Nc4+ 64.
Kb7 1-0

[Event "*** Titled Tuesday Blitz"]
[Site "Chess.com"]
[Date "2020.05.19"]
[Round "5"]
[White "Tolya2"]
[Black "miruna_daria28"]
[Result "1/2-1/2"]
[WhiteElo "2470"]
[BlackElo "2273"]
[TimeControl "180+1"]
[EndTime "12:58:28 PDT"]
[Termination "Game drawn - insufficient material"]

1. Nf3 Nf6 2. d4 e6 3. c4 b6 4. g3 Bb7 5. Bg2 c5 6. Nc3 Be7 7. d5 exd5 8. cxd5 d6 9. O-O O-O 10. e4 Nbd7 11. a4 a6 12. Re1 Qc7 13. Nd2 c4 14.
Nf3 Ng4 15. Nd4 Nge5 16. Be3 Bf6 17. h3 g6 18. f4 Nd3 19. Re2 N7c5 20. Kh2 Rab8 21.
Rb1 Ba8 22. Bg1 Qd7 23. Nc6 Bxc6 24. dxc6 Qc8 25. Nd5 Bd8 26. Rc2 b5 27. axb5 axb5 28. Qd2 Qxc6 29. Qc3 Qe8 30. Re2 f6 31. Rf1 Qf7 32.
Bd4 Rb7 33. e5 Ra7 34. exf6 Na4 35. Qd2 Nac5 36. Qe3 Rd7 37. Ne7+ Bxe7 38. fxe7 Re8 39. Bc6 Rdxe7 40. Qd2 Rxe2+ 41. Rf2 Rxd2 42. Rxd2 Rc8 43. Bg2 Nxf4 44. Bf3 Nxh3 45. Bg2 Re8 46. Bxc5 dxc5 47.
Bd5 Qxd5 48. Rxd5 Re2+ 49. Kxh3 Rxb2 50. Rxc5 c3 51. Rxc3 b4 52. Rc7 b3 53. Kg4 Rb1 54. Kg5 b2 55. Rb7 Rg1 56. Rxb2 Rxg3+ 57. Kf6 Rf3+ 58. Kg5 Kg7 59. Rb7+ Rf7 60. Rb6 h6+ 61. Kg4 g5 62. Kh5 Rf1 63. Rg6+ Kf7 64. Rxh6 Rh1+ 65.
Kxg5 Rxh6 66. Kxh6 1/2-1/2

[Event "*** Titled Tuesday Blitz"]
[Site "Chess.com"]
[Date "2020.05.19"]
[Round "5"]
[White "LizaSolovyova"]
[Black "Baby_Legs"]
[Result "0-1"]
[WhiteElo "2544"]
[BlackElo "2715"]
[TimeControl "180+1"]
[EndTime "12:58:29 PDT"]
[Termination "Baby_Legs won by resignation"]

1. d4 d5 2. Nc3 e6 3. e4 Bb4 4.
exd5 exd5 5. Qf3 Be6 6. Bd2 Qf6 7. O-O-O Nd7 8. Nxd5 Bxd2+ 9. Rxd2 Bxd5 10. Qxd5 O-O-O 11. Nf3 Nh6 12. Bd3 Rhe8 13. Rhd1 Nb6 14. Qa5 Kb8 15.
h3 Ng8 16. Bxh7 Nc4 17. Qb4 Nxd2 18. Rxd2 Ne7 19. Be4 Nd5 20. Bxd5 Rxd5 21. c4 Rd6 22. Ne5 Red8 23. c5 Re6 24. c6 Rxc6+ 25. Nxc6+ Qxc6+ 26. Qc5 Qxg2 27. Qe7 Qc6+ 28. Rc2 Qh1+ 29. Kd2 Rxd4+ 30. Kc3 Qd5 31. Qe8+ Qd8 32. Re2 Rd3+ 33. Kc2 Rd2+ 34. Kc3 Kc8 35. Qxd8+ Rxd8 36. Re7 Rf8 37. Kd4 Kd8 38. Re5 Rh8 39. Re3 Rh4+ 40. Kd3 Kd7 41. b3 Rf4 42. Ke2 a5 43. Rg3 g6 44. Rc3 c6 45. Ke3 Rh4 46. Ke2 b5 47. a3 a4 48. bxa4 Rxa4 49. Kf3 Ke6 50. Kg3 Rc4 51. Re3+ Kd5 52. Rf3 f5 53. Rd3+ Rd4 54. Rc3 c5 55. h4 b4 56. axb4 cxb4 57. Rc8 b3 58. Rb8 Kc4 59. Rb6 Rd5 60. Rxg6 b2 61. Rc6+ Rc5 62. Rb6 Rb5 63. Rc6+ Kd5 64. Rc8 b1=Q 65. Rd8+ Ke6 0-1

[Event "*** Titled Tuesday Blitz"]
[Site "Chess.com"]
[Date "2020.05.19"]
[Round "5"]
[White "Lion-Al-Messi"]
[Black "MikeKorovin"]
[Result "0-1"]
[WhiteElo "2326"]
[BlackElo "2634"]
[TimeControl "180+1"]
[EndTime "12:58:30 PDT"]
[Termination "MikeKorovin won by resignation"]

1. e4 e6 2. d4 d5 3. exd5 exd5 4. Bd3 Nc6 5. c3 Bd6 6. Nf3 Bg4 7.
O-O Nge7 8. Nbd2 Qd7 9. Re1 O-O-O 10. b4 Rde8 11. Nb3 Ng6 12. Be3 Nf4 13. Bxf4 Rxe1+ 14. Qxe1 Bxf4 15. Nc5 Qe7 16. Qxe7 Nxe7 17. Ne5 Bxe5 18.
dxe5 b6 19. Nb3 Ng6 20. h3 Bd7 21. Re1 Re8 22. Bxg6 hxg6 23. f4 Ba4 24. Nd4 Kd7 25. Kf2 c5 26. Nf3 f6 27. Nh4 Bc2 28.
Re2 Be4 29. exf6 gxf6 30. Rd2 Kc6 31. Nf3 Kb5 32. Rb2 Kc4 33. bxc5 bxc5 34. Rb3 Bxf3 35. Kxf3 a5 36. h4 d4 37. cxd4 cxd4 38. Rb6 d3 39.
Rc6+ Kd5 40. Rc7 Kd4 41. Rd7+ Kc3 42. Rc7+ Kd2 43. Rc6 f5 44. Kf2 Re3 45. Rxg6 Re2+ 46. Kf1 Re1+ 47. Kf2 Re2+ 48. Kf3 Ke1 49. g4 d2 50.
gxf5 d1=Q 51. Rg1+ Kd2 52. Rxd1+ Kxd1 53. f6 Re6 54. Kg4 Rxf6 55. Kg5 Rf8 56. h5 Ke2 57. f5 Ke3 58. f6 Ke4 59. h6 Ke5 60. h7 Ke6 61. Kh6 Kxf6 62. Kh5 Rh8 63. Kh6 a4 64. Kh5 Rxh7+ 65. Kg4 Rh2 66. Kf4 Rxa2 67. Ke4 Rb2 68. Kd3 a3 0-1

[Event "*** Titled Tuesday Blitz"]
[Site "Chess.com"]
[Date "2020.05.19"]
[Round "5"]
[White "Asteroxylon"]
[Black "Korchmar_Vasiliy"]
[Result "0-1"]
[WhiteElo "2414"]
[BlackElo "2608"]
[TimeControl "180+1"]
[EndTime "12:58:30 PDT"]
[Termination "Korchmar_Vasiliy won by checkmate"]

1. e4 c5 2. Nc3 d6 3. g3 Nc6 4.
Bg2 g6 5. d3 Bg7 6. f4 Rb8 7.
a4 e6 8. Nf3 Nge7 9. O-O O-O 10. Be3 a6 11. Qd2 b5 12. axb5 axb5 13. Rae1 b4 14. Nd1 Ba6 15. b3 Qc7 16. g4 f5 17. Nf2 h6 18. gxf5 gxf5 19. e5 dxe5 20. fxe5 Nxe5 21. Bxh6 N7g6 22. Bxg7 Qxg7 23. Ng5 Nh4 24. Nfh3 Bb7 25. Bxb7 Rxb7 26. Kh1 Rb6 27. Re3 f4 28. Re4 f3 29. Qf2 Nhg6 30. Rg1 Rf5 31. Qxc5 Rc6 32. Qf2 Qf6 33. d4 Nf7 34. Rge1 Nxg5 35.
Nxg5 Rxg5 36. d5 exd5 37. Re8+ Nf8 38. Rg1 Rxg1+ 39. Qxg1+ Qg7 40. Qxg7+ Kxg7 41. Kg1 Rxc2 42. Re7+ Kf6 43. Re8 Ne6 44. Kf1 Ke5 45. Re7 Rxh2 46.
Kg1 Rb2 47. Re8 Rxb3 48. Kf2 Rc3 49. Rb8 b3 50. Rb4 Rd3 51. Rb5 Nd4 52. Rb8 Rd2+ 53. Kg3 Rg2+ 54. Kh3 Ke4 55. Re8+ Kd3 56. Rd8 Re2 57.
Rxd5 Kc4 58. Rd8 b2 59. Rc8+ Kd3 60. Rb8 Kc2 61. Rc8+ Kd1 62. Rb8 Rd2 63. Kg3 Ke2 64.
Kf4 f2 65. Re8+ Kd1 66. Kg3 f1=Q 67. Kh4 Rh2+ 68. Kg5 Rg2+ 69. Kh6 Qh1# 0-1

[Event "*** Titled Tuesday Blitz"]
[Site "Chess.com"]
[Date "2020.05.19"]
[Round "5"]
[White "lolo9292"]
[Black "Sanan_Sjugirov"]
[Result "0-1"]
[WhiteElo "2518"]
[BlackElo "2834"]
[TimeControl "180+1"]
[EndTime "12:58:31 PDT"]
[Termination "Sanan_Sjugirov won by resignation"]

1. d4 Nf6 2. c4 e6 3. Nc3 Bb4 4. Nf3 b6 5. e3 Bb7 6. Bd3 c5 7. Bd2 cxd4 8. exd4 O-O 9. O-O d5 10. cxd5 Nxd5 11. Qe2 Nd7 12. Nxd5 Bxd2 13. Qe4 g6 14. Ne7+ Qxe7 15. Qxb7 Bb4 16. Ne5 Nxe5 17. Qxe7 Nf3+ 18.
gxf3 Bxe7 19. Rfd1 Bf6 20. Be4 Rac8 21. b3 Rfd8 22.
Rac1 Rxc1 23. Rxc1 Rxd4 24. Rc2 Rd1+ 25. Kg2 Kg7 26. b4 Be7 27. b5 Bc5 28. a4 Ra1 29. Rd2 Rxa4 30. Bc6 Kf6 31. Be8 Bd4 32. Rc2 Ke7 33. Bc6 f5 34. Re2 Kf6 35. f4 h6 36. Bd7 e5 37. fxe5+ Bxe5 38. h3 h5 39. Rc2 Rd4 40. Bc6 Bd6 41. Ra2 Bc5 42. Bf3 Kg5 43.
Kg3 h4+ 44. Kg2 Kf4 45. Be2 g5 46. Rxa7 Rd2 47. Kf1 Rb2 48. Rf7 Rb1+ 49. Kg2 Rb2 50.
Kf1 Ke4 51. Rf6 Ke5 52. Rf7 Rb1+ 53. Kg2 Rb2 54. Kf1 Ke6 55. Rh7 Kf6 56. Rh6+ Ke5 57. Rh5 Rb1+ 58. Kg2 Rb2 59. Kf1 Kf4 60. Rh8 Rb3 61.
Kg2 Rc3 62. Re8 Rc2 63. Kf1 Rc3 64. Kg2 g4 65. hxg4 h3+ 66. Kh2 fxg4 67. Rg8 Bd6 68.
Rg6 Be5 69. Kg1 Rc1+ 70. Bf1 h2+ 71. Kxh2 Kf5+ 72. f4 Bxf4+ 73. Kg2 Kxg6 74. Be2 Kg5 75. Bd3 Rc3 76. Kf2 g3+ 77. Ke2 0-1

[Event "*** Titled Tuesday Blitz"]
[Site "Chess.com"]
[Date "2020.05.19"]
[Round "5"]
[White "Zurability"]
[Black "bazar-wokzal"]
[Result "1-0"]
[WhiteElo "2696"]
[BlackElo "2512"]
[TimeControl "180+1"]
[EndTime "12:58:31 PDT"]
[Termination "Zurability won on time"]

1. Nf3 c5 2. c4 g6 3. Nc3 Bg7 4. e3 Nf6 5. d4 O-O 6. d5 d6 7. Be2 e6 8. O-O exd5 9. cxd5 Na6 10. Nd2 Nc7 11. e4 Bd7 12. a4 a6 13. Nc4 Nfe8 14. Bf4 Qe7 15. Nb6 Rd8 16. Re1 Be5 17.
Bg3 f5 18. exf5 Bxf5 19. Bg4 Bxg4 20. Qxg4 Qf7 21. f3 Nf6 22. Qh4 Bxc3 23. bxc3 Ncxd5 24. Nxd5 Nxd5 25. Rad1 Nxc3 26. Rxd6 Rde8 27. Rd2 Rxe1+ 28. Bxe1 b5 29. axb5 axb5 30. Rc2 b4 31. Bxc3 Qb3 32.
Qe4 bxc3 33. Qd3 Rc8 34. Rxc3 Qe6 35. Kf2 c4 36. Qd2 Qb6+ 37. Kf1 Qb1+ 38. Kf2 Qb6+ 39. Kg3 Qc7+ 40. f4 Qc5 41. h3 Kg7 42. Qd7+ Kh6 43. Kh2 Rc7 44. Qd8 Kg7 45. Qd2 Rc6 46. Qb2 Kf7 47. Qb7+ Rc7 48. Qb8 Qd6 49. Kh1 Qxf4 50.
Rf3 Qxf3 51. gxf3 Rd7 52. Qc8 Rd4 53. Qb7+ Ke6 54. Qb6+ Ke5 55. Qc5+ Rd5 56. Qxc4 h5 57. Qe4+ Kd6 58. Qxg6+ Kc5 59. f4 Kd4 60. Qf6+ Ke4 61. Kg2 Rd2+ 62. Kg3 Rd3+ 63. Kh4 Rf3 64. Qe5+ Kd3 65.
f5 Re3 66. Qd5+ 1-0

[Event "*** Titled Tuesday Blitz"]
[Site "Chess.com"]
[Date "2020.05.19"]
[Round "5"]
[White "Norival"]
[Black "Koalaskakistis"]
[Result "1-0"]
[WhiteElo "2684"]
[BlackElo "2479"]
[TimeControl "180+1"]
[EndTime "12:58:31 PDT"]
[Termination "Norival won on time"]

1. d4 f5 2. g3 Nf6 3. Bg2 e6 4. c4 d6 5. Nc3 Be7 6. b4 O-O 7. Nf3 Ne4 8. Bb2 Bf6 9. O-O Nd7 10.
Nxe4 fxe4 11. Nd2 d5 12. cxd5 exd5 13. Qb3 Nb6 14. Nxe4 Be6 15. Nc5 Qe7 16. e4 Rae8 17. e5 Bg5 18. f4 Bh6 19. Nxb7 Nc4 20. Nc5 Nd2 21. Qd3 Nxf1 22. Rxf1 g6 23. Qa6 Kh8 24. Nxe6 Qxe6 25. Qxe6 Rxe6 26. Bxd5 Rb6 27. Bc3 Rd8 28. Bg2 Bf8 29. a3 a5 30. bxa5 Rb3 31. Rc1 Bxa3 32. Rc2 Bb4 33. Bxb4 Rxb4 34. a6 Ra4 35.
Bb7 Rdxd4 36. Kg2 h5 37. Kh3 Kg7 38. Rxc7+ Kh6 39. Rc6 Rd2 40. f5 Raa2 41. Rxg6+ Kh7 42. Kh4 Rxh2+ 43. Kg5 Ra3 44. Kf6 Rb2 45. e6 Rb6 46. Rg7+ Kh6 47. Rg8 Kh7 48. Rc8 Ra5 49. Rc7+ Kh6 50.
Rd7 Rbb5 51. e7 Rxf5+ 52. Ke6 Rfe5+ 53. Kd6 Re1 54. Kc7 1-0

[Event "*** Titled Tuesday Blitz"]
[Site "Chess.com"]
[Date "2020.05.19"]
[Round "5"]
[White "joksijoksi"]
[Black "PlayChessSimple"]
[Result "1/2-1/2"]
[WhiteElo "2327"]
[BlackElo "2491"]
[TimeControl "180+1"]
[EndTime "12:58:31 PDT"]
[Termination "Game drawn by repetition"]

1. d4 e6 2. c4 f5 3. Nc3 Nf6 4.
Bg5 h6 5. Bxf6 Qxf6 6. g3 g6 7. Bg2 Bg7 8. e3 O-O 9. Nge2 d6 10. O-O e5 11. Qb3 e4 12. c5+ Kh7 13. cxd6 cxd6 14.
Rac1 Nc6 15. Qa3 Rb8 16. Nb5 d5 17. Nf4 Rd8 18. Nc3 Be6 19. Na4 Bf7 20. Nc5 g5 21. Ne2 Bh5 22. f3 exf3 23. Bxf3 Bg6 24. Nc3 Ne7 25.
Qxa7 Ra8 26. Qxb7 Rdb8 27. Nxd5 Nxd5 28. Qxd5 Rd8 29. Qxa8 Rxa8 30. Bxa8 Qe7 31. Rfe1 f4 32. gxf4 gxf4 33. Nb3 fxe3 34. Rc3 e2 35. Bf3 Qg5+ 36. Kh1 Bh5 37. Rxe2 Bxf3+ 38. Rxf3 Qd5 39. Kg2 Qg5+ 40. Rg3 Qd5+ 41. Kf2 Qf5+ 42. Kg2 Qd5+ 43. Rf3 Qg5+ 44. Kf1 Qg4 45. Rg3 Qf5+ 46. Rf2 Qb1+ 47. Kg2 Qe4+ 48. Kg1 Qe1+ 49. Rf1 Qe4 50. Rf7 Qe1+ 51. Kg2 Qe2+ 52. Kg1 Qe1+ 53. Kg2 Qe2+ 54. Rf2 Qe4+ 55. Rgf3 Qg4+ 56.
Kf1 Qe4 57. a4 Qb1+ 58. Kg2 Qg6+ 59. Rg3 Qe4+ 60. Kf1 Qb1+ 61. Kg2 Qe4+ 62. Rgf3 Qg6+ 63. Kf1 Qb1+ 64. Kg2 Qg6+ 1/2-1/2

[Event "*** Titled Tuesday Blitz"]
[Site "Chess.com"]
[Date "2020.05.19"]
[Round "5"]
[White "CyberneticLion"]
[Black "fabianvivasz"]
[Result "1/2-1/2"]
[WhiteElo "2494"]
[BlackElo "2329"]
[TimeControl "180+1"]
[EndTime "12:58:32 PDT"]
[Termination "Game drawn - insufficient material"]

1. e4 c5 2. c3 d5 3. exd5 Nf6 4. d4 Nxd5 5. Nf3 cxd4 6. cxd4 Nc6 7. Bc4 Bg4 8. Nc3 e6 9. Be3 Bb4 10. Rc1 O-O 11.
O-O Rc8 12. Be2 Re8 13. h3 Bh5 14. Qb3 Na5 15. Qa4 Bxc3 16. bxc3 Nxc3 17. Rxc3 Rxc3 18. Bd2 Bxf3 19. Bxc3 Bxe2 20. Bxa5 b6 21. Re1 bxa5 22. Rxe2 Re7 23. Rc2 h5 24. Rc5 Rd7 25.
Qxa5 Qf6 26. Rc8+ Kh7 27. Qxh5+ Qh6 28. Qxh6+ Kxh6 29. Rc4 Kg5 30. f3 Kf4 31. Kf2 Kf5 32. Ke3 Rb7 33. Rc5+ Kf6 34. Ra5 Ke7 35. Ke4 f6 36. h4 Kd6 37. h5 Kc6 38. g4 Kb6 39. Ra3 Rc7 40. Rb3+ Ka6 41. d5 Rc4+ 42. Kd3 exd5 43.
Ra3+ Kb6 44. Rb3+ Kc7 45. Ra3 Kb7 46. Rb3+ Kc7 47. Ra3 Kb6 48. Rb3+ Kc5 49. Ra3 Rf4 50. Rxa7 Rxf3+ 51. Ke2 Rg3 52. Rxg7 f5 53. h6 fxg4 54.
Kf2 Rh3 55. h7 d4 56. Kg2 Kc4 57. a4 Kb4 58. Rd7 Kc3 59. a5 d3 60. a6 d2 61. a7 Rxh7 62. Rxh7 d1=Q 63. a8=Q Qe2+ 64. Kg3 Qd3+ 65. Kxg4 Qxh7 66. Qc6+ Kb2 67. Qb6+ Ka1 68. Qa5+ Kb1 69. Qf5+ Qxf5+ 70. Kxf5 1/2-1/2

[Event "*** Titled Tuesday Blitz"]
[Site "Chess.com"]
[Date "2020.05.19"]
[Round "5"]
[White "mshuaau0"]
[Black "Savva09022009"]
[Result "0-1"]
[WhiteElo "2249"]
[BlackElo "2423"]
[TimeControl "180+1"]
[EndTime "12:58:32 PDT"]
[Termination "Savva09022009 won by resignation"]

1. e4 c5 2. Nf3 Nc6 3. d4 cxd4 4. Nxd4 Nf6 5. Nc3 d6 6. Be3 Ng4 7. Bg5 h6 8. Bh4 g5 9. Bg3 Bg7 10. Nxc6 bxc6 11. h3 Nf6 12. Bc4 O-O 13. O-O e5 14. Bb3 Be6 15. Re1 Qc7 16. Qd3 Rad8 17. Rad1 Rfe8 18. Qa6 Bxb3 19. axb3 Qb6 20. Qxb6 axb6 21.
f3 h5 22. Ra1 h4 23. Bf2 b5 24. Ra6 Rc8 25. Rea1 d5 26. exd5 cxd5 27. Nxb5 Rxc2 28. Nd6 Rd8 29. b4 Rxb2 30. Bc5 e4 31. Ra8 Rf8 32. Rxf8+ Bxf8 33. Ra8 Nd7 34. fxe4 Nxc5 35. bxc5 d4 36.
c6 Rc2 37. Nf5 d3 38. Rd8 d2 39. Kf1 Kh7 40. Ke2 Bb4 41. Rd4 Rc1 42. c7 Ba5 43. c8=Q Rxc8 44. Rxd2 Bxd2 45. Kxd2 Ra8 46. Ke3 Ra2 47. Kf3 Kg6 48. Ne3 Kf6 49. Ng4+ Ke6 50.
Ke3 Ra3+ 51. Kf2 f5 52. exf5+ Kxf5 53. Ne3+ Ke4 54. Nf1 Ra2+ 55. Kg1 Kf4 56. Nh2 Ra1+ 57. Kf2 Ra2+ 58. Kg1 Ke3 59. Ng4+ Ke2 60. Kh2 Kf1 61. Ne3+ Kf2 62. Ng4+ Ke2 63. Nh6 Kf1 64. Nf7 Rxg2+ 65. Kh1 Kf2 66. Ne5 Rg3 67. Nf3 Kxf3 68. Kh2 g4 69.
hxg4 Kxg4 0-1

[Event "*** Titled Tuesday Blitz"]
[Site "Chess.com"]
[Date "2020.05.19"]
[Round "5"]
[White "MrChampion_Coach"]
[Black "chessplayer9919"]
[Result "0-1"]
[WhiteElo "2303"]
[BlackElo "2497"]
[TimeControl "180+1"]
[EndTime "12:58:33 PDT"]
[Termination "chessplayer9919 won by checkmate"]

1. e4 c6 2. d4 d5 3. e5 Bf5 4. h4 h5 5. Nc3 e6 6. Nge2 c5 7. Ng3 Bg6 8. Be3 Nc6 9. Bb5 Rc8 10. dxc5 Ne7 11. Qd2 a6 12. Ba4 Nf5 13. Nxf5 Bxf5 14. b4 Be7 15. Bg5 O-O 16. Bxc6 bxc6 17. Ne2 f6 18.
exf6 Bxf6 19. Nd4 Qd7 20. c3 e5 21. Nf3 Be4 22. Bxf6 gxf6 23. Qh6 Qf5 24. Rh3 Kf7 25. Rg3 Rg8 26. O-O-O Rxg3 27. fxg3 Bxf3 28. gxf3 Qxf3 29.
Qh7+ Ke6 30. Kc2 Qf5+ 31. Qxf5+ Kxf5 32. Rf1+ Ke6 33. Kd3 Rg8 34. Rg1 Rg4 35. a4 f5 36.
Ke3 d4+ 37. cxd4 Rxd4 38. Rb1 Kd5 39. b5 axb5 40. axb5 cxb5 41. Rxb5 Kc6 42. Rb6+ Kxc5 43. Rh6 Kd5 44. Rxh5 f4+ 45. gxf4 Rxf4 46. Rh8 Ra4 47. h5 Ra3+ 48. Kf2 Ke4 49. Rf8 Rh3 50. Rh8 Kf4 51.
Kg2 Rh4 52. Rf8+ Ke3 53. Re8 Rxh5 54. Rh8 Rxh8 55. Kg3 e4 56. Kg4 Ra8 57. Kf5 Kf3 58.
Kg6 e3 59. Kh5 e2 60. Kg6 e1=Q 61. Kh5 Qe5+ 62. Kg6 Ra6+ 63. Kh7 Qc7+ 64. Kg8 Ra8# 0-1

[Event "*** Titled Tuesday Blitz"]
[Site "Chess.com"]
[Date "2020.05.19"]
[Round "5"]
[White "Barmen_EV"]
[Black "rogapa"]
[Result "0-1"]
[WhiteElo "2497"]
[BlackElo "2696"]
[TimeControl "180+1"]
[EndTime "12:58:36 PDT"]
[Termination "rogapa won on time"]

1. d4 Nf6 2. c4 g6 3. Nc3 Bg7 4. e4 O-O 5. f4 d6 6. Nf3 Na6 7. Bd3 e5 8. fxe5 dxe5 9. d5 Nc5 10. Bc2 c6 11. O-O cxd5 12. cxd5 Ne8 13. Bg5 Qb6 14. Be3 Qxb2 15. Bxc5 Qxc3 16. Bxf8 Bxf8 17. Kh1 Nd6 18. Bd3 Bg4 19. Rc1 Qa5 20. h3 Bxf3 21. Qxf3 Be7 22.
Rf2 Bg5 23. Rcf1 Rf8 24. Qg3 Bf4 25. Rxf4 exf4 26. Qxf4 Qa3 27. Rf3 Qc5 28. e5 Nb5 29. d6 Nd4 30. Rf1 Ne6 31. Qf6 Qd4 32. Bc2 Nc5 33.
Bb3 Nxb3 34. axb3 Qd5 35. Qe7 a5 36. d7 b5 37. e6 f5 38. Re1 f4 39. Qxf8+ Kxf8 40. e7+ Kg7 41. e8=Q f3 42. Qe5+ Qxe5 43. Rxe5 f2 44.
d8=Q f1=Q+ 45. Kh2 Qf4+ 46. Kh1 Qxe5 47. Qxa5 Qd5 48.
Qa7+ Kh6 49. Qe3+ Qg5 50. Qf3 Kg7 51. Kh2 h5 52. Qc3+ Qf6 53. Qd3 Qe5+ 54. Qg3 Kf6 0-1

[Event "*** Titled Tuesday Blitz"]
[Site "Chess.com"]
[Date "2020.05.19"]
[Round "5"]
[White "YQPerez"]
[Black "lupta_robin"]
[Result "1-0"]
[WhiteElo "2939"]
[BlackElo "2622"]
[TimeControl "180+1"]
[EndTime "12:58:37 PDT"]
[Termination "YQPerez won by resignation"]

1. e4 c5 2. c3 Nf6 3. e5 Nd5 4. Nf3 Nc6 5. Bc4 Nb6 6. Bb3 c4 7. Bc2 Qc7 8. Qe2 g5 9. Nxg5 Qxe5 10. d4 cxd3 11. Bxd3 Bg7 12. O-O Qxe2 13. Bxe2 d6 14.
Na3 h6 15. Nf3 Be6 16. Be3 Nd5 17. Bd2 O-O-O 18. Rfe1 Bf6 19. Nb5 a6 20. Nbd4 Nxd4 21. Nxd4 Bxd4 22. cxd4 Kd7 23. Bf3 Rc8 24. Rac1 b5 25.
Rxc8 Rxc8 26. Bxh6 Rc2 27. Re2 Rc4 28. Be3 Nxe3 29.
fxe3 Rc1+ 30. Kf2 Bxa2 31. h4 Bc4 32. Rd2 a5 33. h5 b4 34. h6 Rh1 35. Rd1 Rxh6 36.
Ra1 Rh8 37. Rxa5 Rb8 38. d5 Bd3 39. e4 f5 40. Ra7+ Kd8 41. exf5 Bxf5 42. g4 Bg6 43. Ke3 Ke8 44. g5 Kf7 45. Bg4 Kf8 46. Be6 Bf7 47. Kf4 Bxe6 48. dxe6 b3 49. Kf5 Rc8 50. Kg6 Ke8 51.
Rb7 Rd8 52. Rxb3 d5 53. Kh7 d4 54. Rd3 Rd5 55. g6 Rh5+ 56. Kg8 Rh4 57. g7 Kd8 58. b4 Rf4 59. Kh7 Rh4+ 60. Kg6 Rg4+ 61. Kf7 Rf4+ 62.
Kg8 Rg4 63. b5 Kc7 64. Kf8 Rf4+ 65. Kxe7 Rg4 66. Kf6 Kd6 67. Rxd4+ Rxd4 68. g8=Q Rf4+ 69.
Kg5 Ke5 70. Qg7+ Ke4 71. Qg6+ Rf5+ 72. Qxf5+ 1-0

[Event "*** Titled Tuesday Blitz"]
[Site "Chess.com"]
[Date "2020.05.19"]
[Round "5"]
[White "TST2014"]
[Black "okriak"]
[Result "1-0"]
[WhiteElo "2579"]
[BlackElo "2755"]
[TimeControl "180+1"]
[EndTime "12:58:37 PDT"]
[Termination "TST2014 won by resignation"]

1. d4 d5 2. c4 e6 3. Nf3 c6 4. Qc2 dxc4 5. Qxc4 Nf6 6. g3 b5 7. Qb3 Bb7 8. a4 a6 9. Bg2 Nbd7 10. O-O c5 11. axb5 c4 12. Qxc4 axb5 13. Rxa8 Qxa8 14. Qxb5 Be7 15. Nc3 O-O 16. Bf4 Rc8 17. Rd1 h6 18.
h3 Nf8 19. g4 Ng6 20. Bg3 Bf8 21. Qd3 Ne7 22. Ne1 Bxg2 23. Nxg2 Qb7 24. Rb1 Qb3 25. Nf4 Nc6 26. e3 Nb4 27. Qd1 Qc4 28. Qe2 Qb3 29. Qd1 Qc4 30. Nce2 Qb5 31. f3 g5 32. Ng2 Nfd5 33. e4 Ne7 34. Ne3 Ng6 35. Nc3 Qb6 36. Kg2 Bg7 37. e5 Nxe5 38. Bxe5 Bxe5 39.
Ned5 Nxd5 40. Nxd5 exd5 41. dxe5 d4 42. b4 Rc3 43. b5 d3 44. Rb2 Kg7 45. Qd2 Qc5 46. b6 Rc2 47. Rxc2 Qxc2 48. Qxc2 dxc2 49. b7 c1=Q 50.
b8=Q Qd2+ 51. Kg3 Qe1+ 52. Kg2 Qe2+ 53. Kg3 Qf1 54. Kh2 Qf2+ 55. Kh1 Qxf3+ 56. Kh2 Qf2+ 57. Kh1 Qg3 58. Qd6 Qxh3+ 59. Kg1 Qxg4+ 60. Kf2 Qf5+ 61. Ke3 h5 62. Qd4 h4 63. e6+ Kg6 64. e7 Qc8 65. Qe4+ Kf6 66. e8=Q Qc3+ 67. Qd3 Qe1+ 68. Qe2 Qc3+ 69. Kf2 Qg3+ 70. Kf1 h3 71. Qf2+ Qxf2+ 72.
Kxf2 1-0